Map: Rainfall LE

Players

liquidclem (Clem)

  • Race: Terran Terran
  • League: Grandmaster
  • Spawn Location: 5:00

Serral - Winner!

  • Race: Zerg Zerg
  • League: Master
  • Spawn Location: 11:00

Event: HomeStory Cup XXIX

VOD

Have the link to the VOD?

Description

Time

  • Played on: July 5, 2026, 6:17 p.m.
  • Length: 34:24

All games in this series

Show
View Real Time Build Order
Export as new Build Order

liquidclem Terran 

Build Orders: Reaper Expand, Hellion Banshee 

Get SALT Encoding   

  8  0:00  SCV  
  9  0:12  SCV  
  10  0:24  SCV  
  10  0:27  Supply Depot  
  11  0:36  SCV  
  12  0:48  SCV  
  13  0:52  Barracks  
  13  1:01  SCV  
  14  1:05  Refinery  
  14  1:13  SCV  
  15  1:25  SCV  
  16  1:39  Orbital Command  
  16  1:47  Reaper  
  17  2:04  Command Center  
  17  2:07  SCV  
  18  2:16  Supply Depot  
  18  2:21  Marine, SCV  
  20  2:34  Factory  
  20  2:35  SCV  
  21  2:41  Refinery  
  21  2:44  Barracks Reactor  
  21  2:48  SCV  
  22  3:00  SCV  
  24  3:12  SCV  
  24  3:18  Starport  
  24  3:24  SCV  
  24  3:25  Hellion x2  
  29  3:30  Orbital Command  
  29  3:31  Barracks Tech Lab  
  29  3:37  SCV  
  30  3:47  Supply Depot  
  30  3:49  SCV  
  30  3:52  Hellion  
  30  3:55  Hellion  
  35  3:56  SCV  
  35  4:01  SCV  
  37  4:06  Banshee  
  37  4:08  Cloaking Field  
  40  4:12  SCV  
  40  4:14  SCV  
  42  4:17  Supply Depot  
  42  4:23  Hellion  
  42  4:24  SCV  
  45  4:27  Hellion  
  45  4:29  SCV  
  48  4:32  Barracks Tech Lab  
  48  4:36  SCV  
  49  4:40  Supply Depot  
  49  4:41  SCV  
  50  4:48  SCV  
  50  4:53  SCV  
  50  4:55  Marine  
  52  5:00  SCV  
  52  5:01  Banshee  
  52  5:05  SCV  
  52  5:06  Factory Reactor  
  53  5:08  Command Center  
  53  5:12  SCV  
  54  5:14  Supply Depot  
  54  5:17  SCV  
  54  5:19  Barracks  
  55  5:22  Barracks  
  55  5:24  SCV  
  55  5:26  Marine  
  57  5:29  Stimpack  
  57  5:30  SCV  
  58  5:36  SCV  
  58  5:42  SCV  
  60  5:44  Marine  
  60  5:48  SCV  
  60  5:49  Engineering Bay x2  
  62  5:50  Starport Reactor  
  62  5:51  Refinery  
  62  5:52  Refinery  
  62  5:54  SCV  
  63  5:58  Siege Tank  
  63  6:00  SCV  
  63  6:02  Marine  
  68  6:05  Supply Depot  
  68  6:06  SCV  
  68  6:09  Marine x2  
  71  6:13  SCV  
  71  6:18  SCV  
  70  6:19  Terran Infantry Armor Level 1, Terran Infantry Weapons Level 1  
  70  6:20  Marine x2  
  70  6:21  Marine  
  70  6:25  SCV  
  74  6:27  Marine  
  74  6:28  Supply Depot  
  74  6:29  Medivac x2  
  74  6:30  SCV  
  74  6:32  Marine  
  81  6:37  SCV  
  81  6:38  Marine  
  80  6:41  Siege Tank  
  80  6:45  Orbital Command  
  80  6:46  SCV  
  84  6:49  SCV  
  84  6:50  Marine x2  
  84  6:52  Marine  
  84  6:53  Marine  
  89  6:56  Supply Depot  
  89  6:57  Marine  
  89  6:58  SCV  
  91  7:01  SCV  
  92  7:08  Supply Depot, Combat Shield  
  92  7:09  Marine  
  92  7:10  Marine, SCV  
  92  7:11  Marine  
  92  7:12  SCV  
  92  7:13  SCV  
  92  7:14  Marine  
  99  7:18  Barracks x2  
  99  7:19  Marine  
  99  7:22  SCV  
  101  7:24  SCV  
  101  7:25  Supply Depot  
  101  7:27  Siege Tank  
  103  7:32  SCV, Medivac x2  
  103  7:34  SCV  
  103  7:37  Marine, SCV  
  107  7:38  Marine  
  107  7:39  Marine x3  
  107  7:42  Supply Depot  
  107  7:43  Factory, Refinery  
  107  7:49  SCV, Armory  
  108  7:51  Supply Depot  
  108  7:52  SCV x2  
  108  7:54  Marine  
  108  7:56  Marine  
  112  7:59  Command Center  
  112  8:02  Marine x2  
  112  8:03  Supply Depot  
  114  8:06  Siege Tank  
  114  8:07  Barracks Reactor  
  114  8:08  Barracks Reactor  
  114  8:10  Medivac  
  119  8:13  Medivac  
  119  8:15  Marine x2  
  119  8:18  Supply Depot  
  122  8:20  Marine  
  122  8:22  Marine  
  122  8:25  Marine  
  122  8:27  Supply Depot, Factory Tech Lab  
  125  8:33  Marine  
  126  8:34  Marine  
  126  8:37  Barracks  
  126  8:38  Barracks x2  
  127  8:43  Marine x2, Siege Tank  
  127  8:44  Marine x5  
  125  8:55  Medivac  
  125  8:56  Medivac, Siege Tank  
  125  8:57  Marine x2  
  125  8:59  Terran Infantry Weapons Level 2  
  125  9:00  SCV  
  125  9:01  Marine  
  125  9:02  SCV, Marine x2  
  138  9:03  Marine x2, Refinery  
  138  9:05  Marine  
  138  9:06  Marine  
  138  9:09  SCV  
  144  9:12  SCV, Terran Infantry Armor Level 2  
  144  9:14  Concussive Shells, Marine  
  147  9:17  SCV  
  147  9:22  Marine  
  147  9:23  Siege Tank, Marine x3, SCV  
  157  9:24  Marauder  
  157  9:27  SCV, Supply Depot  
  157  9:30  Siege Tank  
  161  9:36  SCV  
  161  9:37  Barracks Tech Lab x2  
  161  9:38  Barracks Tech Lab  
  162  9:39  SCV  
  162  9:41  Barracks Tech Lab  
  162  9:47  Planetary Fortress  
  162  9:49  SCV  
  162  9:52  Marauder  
  165  9:55  Refinery  
  165  9:57  Refinery  
  165  9:58  Terran Vehicle Weapons Level 1  
  165  9:59  Command Center  
  165  10:04  Marauder x2  
  165  10:05  Marauder  
  171  10:11  Supply Depot  
  171  10:12  Siege Tank  
  171  10:13  SCV x2, Marauder  
  179  10:14  SCV  
  179  10:16  Siege Tank  
  179  10:23  Marauder  
  179  10:25  SCV, Marauder  
  179  10:28  Sensor Tower, Marauder x2  
  179  10:41  Marauder  
  177  10:44  Siege Tank  
  177  10:45  Marauder  
  177  10:49  Command Center, Marauder  
  173  10:57  Marauder  
  173  10:58  Siege Tank  
  173  10:59  Ghost Academy  
  173  11:00  Medivac x2  
  173  11:01  Marine x2  
  181  11:07  Marine  
  181  11:08  Marine  
  181  11:09  Marine  
  180  11:13  Supply Depot  
  180  11:14  Supply Depot  
  180  11:16  Siege Tank  
  183  11:22  SCV x2  
  177  11:32  Command Center  
  177  11:34  Terran Infantry Weapons Level 3  
  177  11:38  Sensor Tower  
  177  11:39  Missile Turret, Refinery, Terran Infantry Armor Level 3  
  177  11:40  Refinery  
  175  11:47  Siege Tank  
  175  11:50  Ghost  
  175  11:51  SCV  
  175  11:53  SCV  
  183  11:57  Supply Depot  
  183  12:02  Ghost  
  183  12:03  SCV  
  186  12:08  Command Center  
  184  12:15  SCV  
  184  12:18  Siege Tank  
  188  12:24  Ghost, Sensor Tower  
  191  12:33  Terran Vehicle Weapons Level 2  
  191  12:37  Ghost  
  191  12:38  Command Center  
  194  12:44  Command Center  
  194  12:47  Marine x2  
  194  12:48  Marauder, Ghost, SCV  
  194  12:50  Marine  
  174  12:54  SCV  
  174  12:56  Siege Tank, SCV  
  175  13:00  Planetary Fortress  
  175  13:02  SCV  
  175  13:05  Siege Tank  
  179  13:11  Orbital Command  
  179  13:12  SCV  
  180  13:14  Refinery  
  180  13:16  Ghost  
  180  13:19  Ghost  
  186  13:24  Ghost, Marauder  
  186  13:26  SCV  
  192  13:31  Missile Turret  
  192  13:36  Ghost  
  192  13:38  Command Center  
  195  13:45  Ghost  
  198  13:50  Orbital Command  
  198  14:02  Missile Turret  
  198  14:15  Sensor Tower  
  198  14:17  Missile Turret, Refinery  
  198  14:19  Command Center, Missile Turret  
  198  14:20  Refinery  
  198  14:25  Starport  
  198  14:27  Fusion Core, Neosteel Armor  
  198  14:28  Hi-Sec Auto Tracking  
  198  14:30  Command Center  
  198  14:37  Orbital Command  
  197  14:39  Ghost  
  197  14:42  Ghost Academy  
  197  14:44  SCV  
  185  14:59  Barracks Tech Lab  
  176  15:00  Barracks Tech Lab  
  176  15:01  Barracks Tech Lab  
  176  15:02  Barracks Tech Lab  
  176  15:08  Barracks Tech Lab, Siege Tank x2  
  176  15:09  Planetary Fortress  
  176  15:10  SCV  
  176  15:11  SCV  
  176  15:12  SCV  
  186  15:15  Planetary Fortress  
  186  15:19  Ghost  
  188  15:29  Missile Turret x2, Ghost x2  
  188  15:31  Orbital Command  
  188  15:33  Ghost  
  197  15:40  Siege Tank  
  200  15:44  Orbital Command  
  200  15:49  Advanced Ballistics  
  200  15:53  Starport Reactor  
  200  15:58  Command Center  
  200  15:59  Command Center  
  200  16:01  Terran Vehicle Weapons Level 3  
  200  16:11  Missile Turret  
  200  16:25  Orbital Command  
  197  16:27  Ghost  
  197  16:30  Ghost  
  182  16:39  SCV  
  175  16:40  Ghost x3  
  175  16:42  Siege Tank  
  175  16:43  Siege Tank  
  190  16:54  Refinery  
  190  16:57  Sensor Tower  
  190  16:58  Missile Turret  
  190  17:02  Ghost x3  
  199  17:15  Orbital Command, Planetary Fortress  
  199  17:19  Command Center  
  199  17:26  Missile Turret  
  199  17:28  Missile Turret  
  199  17:42  Command Center  
  199  17:49  Command Center  
  199  18:04  Orbital Command  
  196  18:09  Siege Tank  
  189  18:21  Siege Tank, Liberator x2  
  189  18:27  Missile Turret, Command Center  
  196  18:28  Ghost, Command Center  
  199  18:41  Planetary Fortress  
  199  18:43  Command Center  
  199  18:59  Orbital Command  
  199  19:00  Planetary Fortress  
  199  19:03  Missile Turret x2  
  199  19:10  Terran Vehicle And Ship Armor Level 1  
  198  20:07  Orbital Command x2  
  198  20:09  Personal Cloaking  
  198  20:14  Planetary Fortress  
  197  20:23  Barracks Tech Lab  
  197  20:26  Liberator  
  199  20:31  Missile Turret  
  195  20:53  Ghost, Siege Tank  
  200  20:57  Missile Turret  
  200  21:04  Orbital Command  
  200  21:10  Orbital Command  
  197  21:14  Sensor Tower  
  197  21:15  Missile Turret, Siege Tank  
  197  21:16  Missile Turret x2  
  197  21:28  Missile Turret  
  197  21:29  Orbital Command  
  197  21:38  Siege Tank  
  200  21:40  Ghost  
  200  21:45  SCV  
  198  21:53  Siege Tank  
  198  22:02  Sensor Tower, Refinery  
  198  22:03  Missile Turret  
  198  22:05  Refinery  
  196  22:10  Orbital Command  
  196  22:14  Orbital Command  
  196  22:17  Command Center  
  189  22:45  Terran Vehicle And Ship Armor Level 2  
  189  22:46  Siege Tank  
  189  22:47  Caduceus Reactor  
  192  22:53  Missile Turret  
  192  23:04  Siege Tank  
  195  23:12  Ghost  
  198  23:35  Orbital Command  
  198  23:47  Orbital Command  
  198  23:48  Orbital Command  
  198  24:03  Ghost x2, Siege Tank  
  198  24:07  Ghost  
  198  24:08  Ghost  
  198  24:49  Orbital Command  
  188  25:00  Siege Tank  
  188  25:03  Siege Tank  
  188  25:05  Ghost  
  186  25:07  Ghost  
  186  25:08  Orbital Command  
  189  25:17  Missile Turret  
  189  25:22  Factory  
  189  25:23  Terran Vehicle And Ship Armor Level 3  
  189  25:32  Siege Tank  
  192  25:36  Siege Tank  
  187  25:57  Orbital Command  
  187  25:59  Ghost  
  187  26:01  Ghost  
  178  26:05  Siege Tank, Liberator x3  
  178  26:06  Liberator  
  178  26:08  Ghost x2  
  199  26:19  Refinery  
  199  26:27  Sensor Tower, Missile Turret  
  199  26:36  Siege Tank  
  196  26:41  Factory Tech Lab  
  196  26:59  Ghost  
  199  27:26  Orbital Command  
  199  27:30  Missile Turret x2  
  199  27:31  Sensor Tower  
  199  27:32  Refinery  
  199  27:33  Refinery  
  199  27:55  Orbital Command  
  199  28:01  Terran Ship Weapons Level 1  
  199  28:05  SCV x4  
  190  28:17  Thor  
  196  28:41  Missile Turret  
  196  28:51  Ghost  
  195  29:05  Ghost  
  192  29:11  Ghost  
  183  29:18  Ghost  
  183  29:20  Ghost  
  183  29:23  Viking x2  
  183  29:24  Viking x2  
  186  29:25  Siege Tank x2  
  189  29:41  Orbital Command  
  189  29:42  Ghost  
  192  29:47  Ghost x2  
  198  29:53  Viking  
  200  30:26  Ghost  
  182  30:33  Ghost x2  
  182  30:35  Siege Tank  
  179  30:36  Ghost  
  179  30:38  Ghost x2  
  188  30:43  Siege Tank x2  
  194  30:52  Orbital Command  
  194  30:54  Ghost  
  194  30:56  Orbital Command  
  191  31:01  Ghost x2  
  191  31:04  Ghost  
  191  31:07  Ghost, Siege Tank  
  191  31:09  Ghost  
  156  31:23  Ghost  
  159  31:26  Marine x4  
  159  31:30  Ghost x2  
  169  31:33  Ghost, Viking x3  
  169  31:35  Marine  
  169  31:37  Marine  
  169  31:39  SCV  
  181  31:40  Refinery  
  181  31:44  Marine x4  
  185  31:52  Marine  
  185  31:53  Marine  
  187  31:55  Marine  
  187  31:58  Ghost  
  175  32:13  Ghost  
  153  32:17  Marine  
  153  32:19  Marine x3  
  153  32:22  Marine x2  
  156  32:23  Marine  
  156  32:24  Marine  
  156  32:29  Orbital Command  
  158  32:33  Refinery  
  155  32:41  Marine x8  
  155  32:42  Marine x2  
  165  32:45  Hellbat x3  
  170  32:55  Viking  
  168  32:59  Marine x9  
  168  33:00  Marine  
  148  33:06  Hellbat x2  
  134  33:14  Hellbat  
  134  33:17  Marine x9  
  134  33:18  Marine  
  122  33:28  Hellbat x2, Viking  
  125  33:34  Marine  
  125  33:35  Marine x8, Hellbat  
  125  33:36  Marine  
  125  33:38  Viking  
  131  33:49  Hellbat  
  131  33:52  Marine x8  
  131  33:53  Marine  
  131  33:54  Marine  
  115  33:58  Hellbat x2  
Show
View Real Time Build Order
Export as new Build Order

Serral Zerg - Winner!

Build Orders: Pool First 

Get SALT Encoding   

  8  0:00  Drone  
  9  0:10  Drone  
  10  0:16  Drone  
  11  0:27  Overlord  
  11  0:33  Drone  
  12  0:45  Drone x2  
  14  0:50  Drone  
  15  1:03  Spawning Pool  
  14  1:07  Drone  
  14  1:10  Drone  
  16  1:19  Drone  
  17  1:36  Hatchery  
  17  1:39  Drone  
  17  1:49  Queen  
  20  1:54  Zergling x2  
  20  1:58  Overlord  
  20  2:18  Drone x2  
  20  2:19  Drone  
  23  2:25  Queen  
  25  2:30  Drone  
  26  2:38  Overlord  
  26  2:47  Queen  
  26  2:49  Drone x2  
  30  3:02  Drone x4  
  34  3:09  Overlord  
  34  3:10  Drone  
  34  3:16  Drone  
  35  3:22  Hatchery  
  35  3:23  Drone  
  35  3:24  Extractor  
  34  3:35  Drone x3  
  34  3:37  Queen  
  34  3:39  Drone  
  40  3:44  Overlord  
  40  3:46  Drone  
  40  3:47  Drone  
  42  3:49  Drone  
  42  3:52  Drone  
  44  3:58  Drone x4  
  48  4:05  Roach Warren  
  47  4:14  Evolution Chamber, Queen  
  47  4:15  Drone  
  49  4:18  Overlord  
  49  4:20  Drone  
  49  4:23  Drone x2  
  52  4:25  Drone  
  52  4:29  Drone  
  54  4:33  Lair, Drone  
  54  4:34  Drone  
  54  4:37  Extractor  
  54  4:38  Drone  
  56  4:41  Drone x3  
  56  4:45  Overlord  
  59  4:52  Spore Crawler, Roach x2  
  59  4:58  Drone  
  59  4:59  Drone x3  
  61  5:03  Drone x3  
  63  5:08  Overlord  
  63  5:10  Spore Crawler x2  
  63  5:13  Roach  
  64  5:14  Drone  
  64  5:16  Drone  
  64  5:19  Overlord  
  64  5:20  Drone  
  67  5:23  Roach  
  67  5:24  Drone  
  67  5:27  Spore Crawler, Drone  
  70  5:32  Overseer  
  70  5:33  Drone x2  
  72  5:35  Spore Crawler  
  72  5:38  Extractor, Drone x3  
  72  5:41  Extractor  
  72  5:45  Drone x5  
  72  5:49  Overlord  
  77  5:51  Zerg Ground Armor Level 1  
  77  5:53  Drone  
  78  5:57  Drone x3  
  78  5:58  Drone  
  78  6:00  Drone x2  
  78  6:03  Drone x2  
  84  6:08  Overlord  
  84  6:09  Drone  
  84  6:10  Drone  
  86  6:14  Extractor  
  86  6:15  Extractor  
  84  6:18  Drone x2  
  84  6:19  Glial Reconstitution  
  84  6:21  Hatchery  
  84  6:23  Drone x2  
  87  6:25  Drone x2  
  87  6:30  Drone  
  87  6:31  Evolution Chamber, Infestation Pit  
  88  6:33  Overlord  
  88  6:36  Drone x4  
  92  6:40  Metabolic Boost, Baneling Nest  
  92  6:43  Drone x2  
  92  6:46  Overlord  
  93  6:48  Overlord  
  93  6:51  Roach x2  
  97  6:55  Overlord  
  97  6:57  Roach x2  
  101  7:03  Zerg Melee Weapons Level 1  
  101  7:07  Hive  
  101  7:08  Roach x3  
  107  7:14  Roach x4  
  115  7:24  Drone x3  
  115  7:26  Overlord, Roach  
  115  7:27  Roach x2, Zergling x4  
  126  7:37  Drone x3  
  126  7:40  Drone  
  126  7:41  Drone  
  126  7:43  Drone x4  
  126  7:44  Extractor x2  
  132  7:48  Zerg Ground Armor Level 2, Centrifugal Hooks, Overlord  
  132  7:50  Overlord  
  131  7:51  Ravager x3  
  131  7:55  Infestor x2  
  131  7:56  Zergling x8  
  142  8:03  Drone  
  142  8:04  Zergling x2  
  142  8:05  Spore Crawler  
  143  8:06  Overlord x3  
  143  8:14  Zergling x8  
  143  8:15  Zergling x12  
  153  8:21  Adrenal Glands  
  153  8:24  Infestor  
  153  8:26  Ultralisk Cavern, Zergling x6  
  157  8:29  Baneling x5  
  157  8:32  Zergling x8  
  161  8:35  Drone x2  
  161  8:36  Drone x2  
  165  8:42  Infestor  
  165  8:48  Zergling x16  
  173  8:52  Drone x3  
  173  8:55  Zergling x6  
  175  9:00  Zerg Melee Weapons Level 2  
  175  9:01  Drone  
  176  9:04  Overlord, Hatchery  
  176  9:05  Overlord  
  175  9:11  Baneling x7  
  175  9:12  Chitinous Plating  
  175  9:20  Ultralisk  
  181  9:26  Ultralisk  
  181  9:29  Ultralisk  
  193  9:33  Drone  
  193  9:34  Spore Crawler  
  193  9:35  Ultralisk, Zergling x2  
  199  9:54  Baneling  
  199  9:55  Baneling x6, Overseer x2  
  199  9:59  Drone  
  200  10:05  Zerg Ground Armor Level 3, Drone  
  199  10:24  Hatchery  
  199  10:27  Zergling x2  
  199  10:31  Anabolic Synthesis  
  187  10:43  Ultralisk x2  
  199  10:52  Zergling x4  
  199  10:59  Baneling x7  
  199  11:00  Spire  
  199  11:03  Zergling x6  
  196  11:12  Zergling x2  
  196  11:13  Zergling x6  
  196  11:14  Baneling x10  
  200  11:30  Zerg Melee Weapons Level 3  
  200  11:34  Burrow  
  199  11:42  Drone x3  
  199  11:43  Hatchery  
  195  11:58  Baneling x4  
  195  11:59  Zergling x10, Hatchery  
  192  12:18  Zergling x16  
  200  12:28  Baneling x5  
  200  12:41  Hatchery  
  200  12:42  Zerg Missile Weapons Level 1  
  195  12:48  Ultralisk  
  195  12:49  Zergling x8, Ultralisk  
  188  12:52  Zergling x14, Ultralisk  
  188  12:53  Zergling x2  
  199  13:00  Pneumatized Carapace, Overlord x6  
  199  13:01  Overlord, Overseer x3  
  199  13:04  Baneling  
  199  13:05  Baneling x5  
  199  13:10  Roach  
  199  13:23  Greater Spire  
  183  13:29  Viper x2  
  183  13:30  Viper  
  183  13:32  Zergling x6  
  183  13:33  Zergling x8  
  199  13:43  Overlord  
  195  14:00  Zergling x2  
  195  14:01  Zergling x18  
  199  14:04  Roach, Hatchery  
  199  14:21  Drone x3  
  199  14:26  Drone x2  
  166  14:53  Zergling x38  
  166  14:55  Ultralisk, Zergling x30  
  166  14:56  Zergling x16  
  199  15:11  Baneling x4  
  199  15:12  Baneling x6  
  199  15:23  Spore Crawler  
  199  15:25  Drone  
  199  15:28  Zerg Flyer Weapons Level 1  
  199  15:29  Baneling x5  
  199  15:30  Baneling x2  
  199  15:36  Overlord  
  199  15:47  Hatchery  
  197  15:55  Overseer  
  197  15:56  Overseer x10  
  196  15:59  Overlord x3  
  196  16:01  Spore Crawler  
  196  16:02  Extractor  
  196  16:03  Extractor  
  193  16:06  Drone x7  
  198  16:19  Hatchery  
  139  16:35  Zergling x60  
  139  16:38  Ultralisk x2, Zergling x28  
  184  16:45  Baneling x10  
  184  16:49  Zergling x8, Ultralisk  
  184  16:50  Zergling x10  
  199  16:57  Nydus Network  
  197  17:09  Infestor  
  197  17:10  Zergling x8  
  195  17:19  Drone x2  
  195  17:22  Baneling x19, Zerg Flyer Armor Level 1  
  197  17:26  Spore Crawler  
  197  17:28  Zergling x8  
  197  17:29  Drone  
  200  17:42  Hatchery  
  200  17:43  Nydus Canal  
  197  17:46  Zergling x6  
  197  17:49  Overlord  
  199  17:52  Overlord  
  193  18:00  Zergling x2  
  193  18:01  Zergling x24  
  193  18:02  Overlord  
  193  18:03  Zergling x2  
  193  18:04  Zergling x18  
  162  18:20  Ultralisk x2, Zergling x20  
  162  18:26  Zergling x18  
  181  18:27  Baneling  
  181  18:28  Baneling x15  
  181  18:33  Nydus Canal  
  181  18:35  Baneling x3  
  181  18:36  Baneling, Drone  
  181  18:38  Zergling x4  
  184  18:42  Baneling  
  184  18:43  Baneling x6  
  184  18:45  Ultralisk, Zergling x20  
  200  18:58  Zergling x2  
  200  18:59  Spore Crawler  
  200  19:00  Hatchery  
  200  19:01  Overseer  
  197  19:10  Extractor x2  
  197  19:13  Zergling x10  
  197  19:16  Zerg Flyer Weapons Level 2  
  187  19:34  Corruptor x6  
  198  19:44  Nydus Canal  
  198  19:50  Extractor x2  
  196  19:56  Corruptor x2  
  199  20:11  Corruptor  
  199  20:13  Drone x3  
  199  20:34  Nydus Canal  
  195  20:44  Zergling x10  
  195  21:14  Nydus Canal  
  195  21:22  Baneling x3  
  192  21:31  Zerg Flyer Armor Level 2  
  176  21:46  Hatchery  
  162  21:52  Corruptor x5  
  162  21:53  Corruptor x2  
  172  21:58  Zergling x30  
  172  21:59  Zergling x22  
  198  22:03  Nydus Canal  
  180  22:32  Nydus Canal  
  171  22:49  Spore Crawler x3  
  171  22:50  Spore Crawler, Nydus Canal  
  171  22:51  Spore Crawler x2  
  165  22:55  Zergling x16  
  173  23:10  Nydus Canal  
  173  23:19  Extractor  
  172  23:20  Drone x2  
  172  23:21  Drone, Extractor  
  172  23:22  Drone x3  
  172  23:24  Drone x4, Infestor  
  180  23:34  Zergling x8  
  180  23:40  Zergling x2  
  180  23:41  Zergling x26  
  198  23:47  Zerg Flyer Weapons Level 3  
  196  24:08  Infestor, Zergling x2  
  196  24:09  Zergling x16  
  196  24:10  Baneling x3  
  196  24:11  Nydus Canal  
  189  24:26  Zergling x16  
  184  24:51  Zergling x24  
  192  24:57  Zergling x30  
  192  24:59  Infestor  
  174  25:23  Zergling x20  
  174  25:25  Infestor x2  
  181  25:49  Zergling x26  
  156  26:04  Zergling x26  
  167  26:19  Corruptor  
  167  26:20  Corruptor x13  
  167  26:25  Zerg Flyer Armor Level 3  
  178  26:34  Infestor  
  169  26:57  Brood Lord  
  169  26:58  Brood Lord x17  
  198  27:03  Spore Crawler  
  198  27:04  Spore Crawler  
  198  27:05  Spore Crawler x4  
  198  27:06  Spore Crawler x2, Brood Lord x4  
  198  27:07  Spore Crawler x3, Brood Lord  
  197  27:11  Baneling x5  
  194  28:00  Corruptor x5  
  196  28:05  Corruptor  
  196  28:06  Corruptor  
  196  28:09  Corruptor x2  
  196  28:12  Baneling  
  198  28:18  Corruptor  
  200  29:11  Infestor  
  200  29:12  Overseer x7  
  200  29:14  Overseer x10  
  193  29:19  Corruptor x4  
  193  29:27  Infestor  
  193  29:34  Infestor x2  
  193  29:37  Brood Lord  
  195  30:01  Brood Lord x2  
  190  30:29  Overseer x3  
  190  30:30  Corruptor x6  
  190  30:36  Overlord x3  
  190  30:38  Overlord  
  188  30:43  Overlord x3  
  188  30:44  Overlord  
  188  30:48  Overlord  
  188  30:51  Overseer x5  
  188  30:54  Corruptor x3  
  188  30:57  Zergling x6  
  193  31:05  Overlord  
  193  31:07  Overseer x2  
  179  31:12  Zergling x32  
  191  31:21  Brood Lord x7  
  192  31:35  Zergling x14  
  199  31:43  Overseer x3  
  196  31:56  Baneling x8  
  188  32:06  Zergling x12  
  188  32:07  Zergling x8  
  193  32:11  Overseer x2  
  193  32:14  Corruptor x3  
  182  32:18  Zergling x14  
  182  32:19  Zergling x16  
  191  32:28  Brood Lord x4  
  191  32:29  Brood Lord  
  199  32:46  Baneling x3  
  187  32:58  Zergling x32  
  189  33:04  Zergling x10  
  188  33:09  Zergling x14  
  185  33:20  Zergling x14, Extractor  
  185  33:22  Hatchery  
  185  33:23  Extractor  
  168  33:29  Infestor x2  
  168  33:30  Zergling x10  
  168  33:31  Queen x2  
  179  33:35  Baneling  
  179  33:36  Baneling  
  179  33:38  Corruptor x2  
  179  33:39  Zergling x10  
  182  33:50  Zergling x14  
  161  34:00  Zergling x10  
  170  34:04  Baneling x6  
Tags
 
Add a new tag
Caveats
  • Supply blocks, unpowered buildings, or Contaminate may cause inaccurate times.
  • Supply counts are checked every 10 seconds.